noty, neutral male gnomish Wizard --- ----- ------- --- |.| |... .....|------- |.---- -- |.| |... ....|)!m|..| |....| . |.| +..- ...|%%m|..| |....| |.|.| |..|q -----..|.@.|..|-+---+--....| ...-----..| |...|..--|--.|-.........|.- .-........| |((@-.............-.---...| -.........|---- |(m.|.......-+............| |..----...|(((|+------G.{...|..|...-...|...| ### #--.....+...|(((|................|.......|...| ---...-.-.......|...|.@.|.+......---|--.-.---..-...|.| -....@.[........-..G...--|-|..|..-+-|..........[.......G. | -----.--.......|........|.....| .|----....--.Y---...>. -- |...........|..#....G---...|..|%%.-........@.%||..|. -.h| |....@.......-....{...@....|..|%!@|....G..f._[.|..G .. ---...........-........#......-------....|.G..@[||..-..| |.....<.......@...-............G........u.--.------.%..| |...---.....---G...).--.------.------..--- # |...---- --.- ---..-- |.....|## ---- .....| -- |..| |....-- #---.-- ---- ------ --- noty the Thaumaturge Experience level: 7 Strength: 9 Dexterity: 14 Constitution: 14 Intelligence: 19 Wisdom: 10 Charisma: 11 Health: 0(51) Energy: 71(71) Def: 15 Gold: 1111 Moves: 5008 Dungeon seed: 5Z8lUoZz5LLVFPLR Game ID: noty_1467942478 Your Inventory: Coins $ - 1111 gold pieces Amulets G - an uncursed amulet of ESP named eso (being worn) Weapons E - the rustproof +0 Magicbane (weapon in hand) Armor e - an uncursed +0 cloak of magic resistance (being worn) y - a cursed +3 small shield (being worn) z - an uncursed +0 pair of iron shoes (being worn) N - an uncursed +0 dwarvish iron helm (being worn) Y - an uncursed +0 dwarvish mithril-coat (being worn) Comestibles o - an uncursed partly eaten food ration v - an uncursed lizard corpse Scrolls a - an uncursed scroll of food detection i - an uncursed scroll of magic mapping j - an uncursed scroll of enchant weapon n - an uncursed scroll of light w - an uncursed scroll of identify A - an uncursed scroll of remove curse B - a cursed scroll of earth F - a cursed scroll of confuse monster H - a cursed scroll of identify J - a blessed scroll of identify Spellbooks l - a blessed spellbook of force bolt m - an uncursed spellbook of wizard lock q - an uncursed spellbook of healing Potions f - an uncursed potion of object detection g - 2 uncursed potions of water h - a blessed potion of healing p - an uncursed potion of monster detection s - an uncursed potion of sleeping T - an uncursed potion of speed V - a blessed potion of full healing Z - a blessed potion of extra healing Rings c - an uncursed ring of polymorph control d - an uncursed ring of free action I - a cursed ring of cold resistance Wands b - a wand of sleep (0:8) x - a cursed wand of probing (0:2) W - a wand of make invisible (0:5) Tools k - an uncursed lock pick r - a bag of tricks (0:0) t - an uncursed towel C - an uncursed magic whistle D - an uncursed stethoscope K - a cursed tooled horn L - a cursed oil lamp (0:1218) O - an uncursed oil lamp (0:1209) Spells and supernatural/magical abilities: Name Level Category Fail Memory a - force bolt 1 attack 100% 75% h - healing 1 healing 100% 78% w - wizard lock 2 matter 100% 75% W - pray for help -- divine ? -- Your skills at the end: Fighting Skills wands [Basic] Weapon Skills dagger [Skilled] quarterstaff [Basic] Spellcasting Skills attack spells [Basic] enchantment spells [Basic] Final Attributes: You were piously aligned. You were magic-protected. You were blinded. You were telepathic. You had infravision. You were held by an owlbear. You are dead. Vanquished creatures: a ghost a valkyrie a dwarf king a quivering blob a dwarf mummy a lizard 2 human zombies a bugbear 8 Uruk-hai a fog cloud 3 yellow lights a shrieker 2 gnome lords 2 elf zombies 4 giant ants 5 dwarves 3 kobold lords a kobold shaman 2 giant bats a werejackal 2 acid blobs a coyote a gas spore 4 hobbits 4 manes 3 large kobolds 7 giant rats a yellow mold 3 red molds a gnome 2 garter snakes a gnome zombie 7 geckos 9 jackals 2 foxes a kobold 2 goblins 4 sewer rats 6 grid bugs 6 bats 5 lichens a kobold zombie 11 newts 126 creatures vanquished. Voluntary challenges: You used a wielded weapon 159 times, starting on turn 54. You read items or engraved 92 times, starting on turn 358. You never genocided any monsters. You never polymorphed an object. You never changed form. You used no wishes. You never split a pudding. You wrote Elbereth's name 80 times, starting on turn 359. You violated your moral code, losing 44 points of alignment, starting on turn 3127. Dungeon overview: The Dungeons of Doom: levels 1 to 5 Level 1 an altar to Thoth, a fountain, a sink a long staircase Level 2 a general store Level 3 stairs to The Gnomish Mines Level 4 Level 5 a sink The Gnomish Mines: levels 4 to 8 Level 4 stairs to The Dungeons of Doom Level 5 Level 6 Level 7 <- You were here many shops, a temple to Anhur, some fountains, some trees Level 8 History has recorded: On T:1 you entered the Dungeons of Doom to retrieve the Amulet of Yendor! On T:296 you reached level 2 of The Dungeons of Doom. On T:302 you reached level 3 of The Dungeons of Doom. On T:520 you reached level 4 of The Dungeons of Doom. On T:1114 you advanced to experience level 2. On T:1342 you reached level 5 of The Dungeons of Doom. On T:1527 you advanced to experience level 3. On T:1808 you advanced to experience level 4. On T:2851 you received Magicbane from Thoth. On T:3015 you reached level 1 of The Gnomish Mines. On T:3128 you advanced to experience level 5. On T:3314 you reached level 2 of The Gnomish Mines. On T:3530 you advanced to experience level 6. On T:3706 you reached level 3 of The Gnomish Mines. On T:3745 you reached level 4 of The Gnomish Mines. On T:3905 you reached level 5 of The Gnomish Mines. On T:4112 you advanced to experience level 7. Score breakdown: Gold: 1111 (10361 points) Experience: 7 levels (13645 points) Exploration: 8 levels ( 16.67%) (11577 points) Discoveries: 7 items ( 2.41%) ( 4660 points) Valuables value: (no points given unless you survive) Artifact value: 3500 (12056 points) Variety of kills: 43 monsters ( 11.23%) (10052 points) Turncount: 5008 turns (-1356 points) Survival: died (score multiplied by 80%) Total score: 48796 Latest messages: The jaguar bites! You begin praying to Thoth. The jaguar starts to attack you, but pulls back. The owlbear loosens its grip slightly. The jaguar starts to attack you, but pulls back. The owlbear loosens its grip slightly. You feel something move nearby. The jaguar starts to attack you, but pulls back. The owlbear loosens its grip slightly. You feel that Thoth is well-pleased. You add to the engraving in the floor with an uncursed athame named Magicbane (weapon in hand). The jaguar misses. The jaguar hits! The jaguar just misses! The owlbear misses. The owlbear hits! You are being crushed. You die... Final status: Goodbye noty the Wizard, killed by an owlbear... You died in The Gnomish Mines on dungeon level 7 with 48796 points, and 1111 pieces of gold, after 5008 moves. You were level 7 with a maximum of 51 hit points when you died.